 Dungeon Crawl Stone Soup version 0.22.1-2-g9c5b331 (webtiles) character file.

112 whitewolfNL the Cudgeler (level 4, 0/40 HPs)
             Began as a Minotaur Berserker on Nov 28, 2018.
             Was a Believer of Trog.
             Slain by a gnoll
             ... wielding a +0 spear
              (5 damage)
             ... on level 3 of the Dungeon.
             The game lasted 00:06:41 (1800 turns).

whitewolfNL the Cudgeler (Minotaur Berserker)       Turns: 1800, Time: 00:06:41

Health: 0/40       AC:  6    Str: 22    XL:     4   Next: 64%
Magic:  3/3        EV: 12    Int:  5    God:    Trog [**....]
Gold:   74         SH:  0    Dex:  9    Spells: 3/3 levels left

rFire    . . .     SeeInvis .   a - +0 mace
rCold    . . .     Gourm    .   (no shield)
rNeg     . . .     Faith    .   r - +0 ring mail
rPois    .         Spirit   .   (helmet restricted)
rElec    .         Reflect  .   (no cloak)
rCorr    .         Harm     .   (no gloves)
MR       .....                  j - +0 pair of boots
Stlth    +.........             (no amulet)
HPRegen  0.13/turn              (no ring)
MPRegen  0.08/turn              (no ring)

@: berserk cooldown
A: retaliatory headbutt, horns 2
a: Berserk, Trog's Hand, Renounce Religion


You were on level 3 of the Dungeon.
You worshipped Trog.
Trog was pleased with you.
You were not hungry.

You visited 1 branch of the dungeon, and saw 3 of its levels.

You collected 74 gold pieces.

Inventory:

Hand Weapons
 a - a +0 mace (weapon)
 h - a +0 short sword of flaming
Missiles
 d - 42 bolts
 f - 17 arrows
 g - 22 sling bullets
 k - 6 exploding tomahawks (quivered)
Armour
 j - a +0 pair of boots (worn)
 r - a +0 ring mail (worn)
Scrolls
 e - 3 scrolls of identify {unknown}
 m - a scroll of noise {unknown}
 o - a scroll of enchant armour {unknown}
 q - a scroll of fog {unknown}
Potions
 b - a potion of agility {unknown}
 n - a potion of might {unknown}
Comestibles
 c - a chunk of flesh
 l - 2 rations


   Skills:
 + Level 4.1 Fighting
 * Level 5.2 Maces & Flails
 * Level 3.0 Armour
 * Level 3.0 Dodging
 * Level 0.8 Stealth


You had 3 spell levels left.
You didn't know any spells.
Your spell library was empty.

Dungeon Overview and Level Annotations

Branches:
Dungeon (3/15)

Altars:
Gozag
Kikubaaqudgha
Nemelex Xobeh


Innate Abilities, Weirdness & Mutations

You reflexively headbutt those who attack you in melee.
You have a pair of horns on your head.


Message History

You hit the gnoll shaman.
The gnoll shaman is heavily wounded.
The gnoll hits you but does no damage. The gnoll shaman hits you with a whip!
The gnoll hits you but does no damage.
You hit the gnoll shaman.
The gnoll shaman is severely wounded.
The gnoll misses you. The jackal closely misses you.
The gnoll shaman hits you with a whip.
The gnoll hits you from afar with a spear.
* * * LOW HITPOINT WARNING * * *
The jackal barely misses you.
You closely miss the jackal. Your headbutt misses the jackal.
The gnoll shaman hits you with a whip.
* * * LOW HITPOINT WARNING * * *
The gnoll hits you but does no damage. The jackal closely misses you.
The gnoll shaman barely misses you. The gnoll closely misses you.
The jackal bites you but does no damage.
The gnoll hits you from afar with a spear.
You die...

#..#.. #..#....#.. ##
#..#.# ............
...##..#.###....? .....
#.............#........
#.........##....#?.....
##...##.#...............
###....##....##.##.#......
##..........###...hrg.....
##.........[##..@hg†#....
...............###g....##
.....>......#### #.##...#
#...........## #.# #...
#............... ..# ##
#..........##### ###
#......##...#
#.............
#......(...##..


You could see a gnoll shaman, 2 gnolls, 2 jackals and a rat.

Vanquished Creatures
  An adder (D:3)
  4 gnolls
  A worm (D:2)
  4 dart slugs
  3 leopard geckos
  11 bats
  A giant cockroach (D:3)
  4 goblins
  4 hobgoblins
  4 quokkas (D:2)
  2 ball pythons (D:2)
  4 frilled lizards
  5 kobolds
  3 rats
51 creatures vanquished.

Vanquished Creatures (others)
  A human (D:2)
1 creature vanquished.

Grand Total: 52 creatures vanquished

Notes
Turn   | Place    | Note
-------+----------+-------------------------------------------
     0 | D:1      | whitewolfNL the Minotaur Berserker began the quest for the
                  | Orb.
     0 | D:1      | Reached XP level 1. HP: 19/19 MP: 0/0
   109 | D:1      | Reached skill level 4 in Maces & Flails
   109 | D:1      | Reached XP level 2. HP: 27/27 MP: 1/1
   687 | D:1      | Reached XP level 3. HP: 27/33 MP: 2/2
  1034 | D:2      | Reached ** piety under Trog
  1074 | D:2      | Found an ancient bone altar of Kikubaaqudgha.
  1176 | D:2      | Reached XP level 4. HP: 27/40 MP: 3/3
  1189 | D:2      | Noticed a human
  1192 | D:2      | Killed a human
  1561 | D:2      | Reached skill level 5 in Maces & Flails
  1651 | D:2      | Found a sparkling altar of Nemelex Xobeh.
  1652 | D:2      | Found an opulent altar of Gozag.
  1800 | D:3      | Slain by a gnoll

Skill      XL: |  1  2  3  4 |
---------------+-------------+-----
Maces & Flails | 4 5 |  5.2
Fighting       | 4 |  4.1
Dodging        | 3 |  3.0
Armour         | 3 |  3.0
Stealth        | |  0.8

Action                   |  1- 3 |  4- 6 || total
-------------------------+-------+-------++-------
Melee: Mace              |    58 |    42 ||   100
       Headbutt          |     6 |     2 ||     8
Invok: Berserk           |     2 |     1 ||     3
  Eat: Ration            |     1 |       ||     1
       Chunk             |       |     2 ||     2
Armor: Animal skin       |    10 |       ||    10
       Ring mail         |    22 |    14 ||    36
Dodge: Dodged            |    52 |    40 ||    92
